[Event "*** Titled Tuesday Blitz"]
[Site "Chess.com"]
[Date "2021.03.09"]
[Round "4"]
[White "ljuks68"]
[Black "Steegersee"]
[Result "1-0"]
[WhiteElo "2441"]
[BlackElo "2230"]
[TimeControl "180+1"]
[EndTime "10:42:14 PST"]
[Termination "ljuks68 won by checkmate"]

1. e4 e5 2. Nf3 Nc6 3. Bb5 a6 4.
Ba4 Nf6 5. Qe2 b5 6. Bb3 Be7 7. c3 O-O 8. O-O d5 9. d3 Bb7 10. Bg5 Re8 11. Bxf6 dxe4 12. Bxe7 exf3 13. Qxf3 Rxe7 14.
Qe2 Na5 15. Bc2 Qd5 16. f3 c5 17. Nd2 Rd8 18. Ne4 f5 19. Ng3 Qd7 20. Rfe1 g6 21.
Rad1 Nc6 22. Nf1 Rde8 23. Ne3 Nd4 24. Qf2 Nxc2 25. Qxc2 Qc6 26. Nf1 Qb6 27. Kh1 Kg7 28. Ne3 Qc6 29. Qb3 h5 30. Ra1 Rd8 31. Red1 f4 32. Nc2 g5 33. a4 g4 34. axb5 axb5 35.
Ne1 c4 36. dxc4 bxc4 37. Qb4 Red7 38. Rxd7+ Rxd7 39. Qa5 Rd2 40. Qxe5+ Kg6 41. Qxf4 gxf3 42. Qg3+ Kh7 43. Nxf3 Rxb2 44. Ng5+ Kh6 45. Nf3 Kh7 46.
Re1 Kh6 47. Qg5+ Kh7 48. Re7+ Kh8 49. Qg7# 1-0

[Event "*** Titled Tuesday Blitz"]
[Site "Chess.com"]
[Date "2021.03.09"]
[Round "4"]
[White "eduardoperalta"]
[Black "nrvisakh"]
[Result "0-1"]
[WhiteElo "2528"]
[BlackElo "2772"]
[TimeControl "180+1"]
[EndTime "10:42:15 PST"]
[Termination "nrvisakh won by resignation"]

1. d4 d5 2. Nf3 Nf6 3. c4 e6 4.
e3 c5 5. Bd3 cxd4 6. exd4 dxc4 7. Bxc4 Be7 8. O-O O-O 9. Nc3 Nbd7 10. Re1 Nb6 11. Bb3 Bd7 12. Ne5 Bc6 13. Nxc6 bxc6 14. Bg5 Nbd5 15. Qd3 Re8 16. Rad1 Rb8 17. h4 Qa5 18.
Bd2 Nb4 19. Qh3 Qh5 20. Ne2 Nbd5 21. Nf4 Qg4 22. Qxg4 Nxg4 23. g3 Ngf6 24. Rc1 Bb4 25.
Bc3 Nxf4 26. gxf4 Red8 27. Kg2 Rb5 28. Re5 Bd6 29. Ba5 Rdb8 30. Rxc6 Bxe5 31. fxe5 Rxa5 32. exf6 gxf6 33. Rc7 Rb6 34. Kf3 Kg7 35. Ke4 Rd6 36. f4 f5+ 37. Ke3 Raa6 38. d5 exd5 39. Kd4 Rh6 40.
Bxd5 Raf6 41. Rxa7 Rxh4 42. Ke5 Rh2 43. b4 Re2+ 44. Kd4 h5 45. b5 h4 46. a4 h3 47.
a5 Rd2+ 48. Kc5 Rxd5+ 49. Kxd5 h2 50. b6 h1=Q+ 51. Kc5 Rc6+ 52. Kb5 Qd5+ 53. Ka6 Rc5 0-1

[Event "*** Titled Tuesday Blitz"]
[Site "Chess.com"]
[Date "2021.03.09"]
[Round "4"]
[White "profofchess"]
[Black "NikolaGry"]
[Result "0-1"]
[WhiteElo "2496"]
[BlackElo "2666"]
[TimeControl "180+1"]
[EndTime "10:42:15 PST"]
[Termination "NikolaGry won on time"]

1. e4 d5 2. exd5 Nf6 3. Bb5+ Bd7 4. Be2 Nxd5 5. d4 Bf5 6. a3 e6 7. c4 Nb6 8. Nc3 Be7 9. Nf3 a5 10. b3 O-O 11. Bb2 Bf6 12. h3 Nc6 13. Nb5 Qe7 14.
O-O Rad8 15. Qd2 Be4 16. Qf4 Bxf3 17. Bxf3 a4 18. Bxc6 bxc6 19. Na7 axb3 20. Nxc6 Qd6 21. Qxd6 Rxd6 22. c5 Rxc6 23. cxb6 cxb6 24. a4 Rd8 25.
Ra3 Bxd4 26. Rxb3 h6 27. Bxd4 Rxd4 28. Rfb1 Rdd6 29. Rb5 g5 30. a5 bxa5 31. Rxa5 Rd7 32. Ra2 Kg7 33. Rb5 Rcd6 34. Kh2 Rd2 35. Rxd2 Rxd2 36.
f3 Kg6 37. Kg3 h5 38. h4 gxh4+ 39. Kh3 f6 40. Rb4 Kg5 41. Rb5+ e5 42. Rb8 Rd1 43. Rg8+ Kf4 44. Kh2 h3 0-1

[Event "*** Titled Tuesday Blitz"]
[Site "Chess.com"]
[Date "2021.03.09"]
[Round "4"]
[White "Deepweb2020"]
[Black "Fore_Man"]
[Result "1-0"]
[WhiteElo "2468"]
[BlackElo "2269"]
[TimeControl "180+1"]
[EndTime "10:42:15 PST"]
[Termination "Deepweb2020 won by resignation"]

1. d4 e6 2. c4 Nf6 3. g3 d5 4.
Nf3 Be7 5. Bg2 O-O 6. O-O c6 7. Qc2 b6 8. Nbd2 Bb7 9. e4 Na6 10. a3 c5 11. exd5 exd5 12. Rd1 Rc8 13. dxc5 Nxc5 14. b4 Ne6 15. Ne5 Qc7 16. Bb2 dxc4 17. Ndf3 c3 18. Bc1 Be4 19. Qe2 Rfd8 20. Re1 Nd4 21.
Nxd4 Rxd4 22. Nf3 Rd7 23. Bf4 Qb7 24. Rac1 c2 25. Nh4 Bxg2 26. Nxg2 h6 27. Rxc2 Rxc2 28. Qxc2 Bf8 29. Ne3 Qf3 30. Be5 Ne4 31. Nc4 b5 32. Qxe4 Qxe4 33. Rxe4 bxc4 34. Rxc4 Rd1+ 35. Kg2 Rd3 36.
Rc8 f6 37. Bf4 Kf7 38. Rc7+ Kg6 39. Rxa7 Rb3 40. Be3 Bd6 41. Bc5 Be5 42. a4 Bc3 43. a5 Bxb4 44. Rb7 Bxc5 45. Rxb3 1-0

[Event "*** Titled Tuesday Blitz"]
[Site "Chess.com"]
[Date "2021.03.09"]
[Round "4"]
[White "Speed-O-Sonic"]
[Black "Koalaskakistis"]
[Result "1-0"]
[WhiteElo "2336"]
[BlackElo "2564"]
[TimeControl "180+1"]
[EndTime "10:42:16 PST"]
[Termination "Speed-O-Sonic won by checkmate"]

1. d4 Nf6 2. Bg5 Ne4 3. h4 Nxg5 4. hxg5 e6 5. Nf3 c5 6. Qd3 g6 7. c3 Nc6 8. e3 d5 9. Nbd2 Be7 10. e4 cxd4 11.
cxd4 Bxg5 12. e5 Be7 13. a3 Bd7 14. b4 Rc8 15. Nb3 Bxb4+ 16. axb4 Nxb4 17. Qd1 Nc2+ 18. Kd2 Qb6 19. Qxc2 Rxc2+ 20. Kxc2 O-O 21. Bd3 Rc8+ 22. Kb2 Bb5 23. Bxb5 Qxb5 24. Rhd1 a6 25. Ra5 Qb4 26.
Rc5 Rxc5 27. dxc5 a5 28. Rd4 Qb5 29. Ka3 Qe2 30. Rd2 Qf1 31. Nxa5 Qc1+ 32. Kb4 Qb1+ 33.
Nb3 h6 34. Nd4 g5 35. g3 h5 36. f4 gxf4 37. gxf4 h4 38. Kb5 h3 39. Kb6 Qg1 40.
Kxb7 h2 41. c6 h1=Q 42. c7 Kg7 43. c8=Q Qe3 44. Qc7 Qhh3 45. Rd1 Qxf4 46. Rg1+ Kh7 47. Qd8 Qhh4 48. Qg8+ Kh6 49. Qh8# 1-0

[Event "*** Titled Tuesday Blitz"]
[Site "Chess.com"]
[Date "2021.03.09"]
[Round "4"]
[White "SARGISMV"]
[Black "Kaua18"]
[Result "1-0"]
[WhiteElo "2476"]
[BlackElo "2296"]
[TimeControl "180+1"]
[EndTime "10:42:16 PST"]
[Termination "SARGISMV won on time"]

1. d4 Nf6 2. c4 e6 3. Nc3 Bb4 4. e3 O-O 5. Ne2 d5 6. a3 Be7 7. Nf4 c6 8. Bd3 dxc4 9. Bxc4 a5 10. O-O b5 11. Ba2 Nbd7 12. Qf3 Qb6 13. Rd1 Bb7 14. e4 e5 15. dxe5 Nxe5 16. Qe2 Ba6 17. Be3 Bc5 18.
Bxc5 Qxc5 19. Qe1 Rfd8 20. h3 Qe7 21. Rxd8+ Rxd8 22. Rd1 Nfd7 23. Qe3 Ra8 24. Nce2 Ng6 25. Ng3 Nxf4 26. Qxf4 Qf6 27. Nf5 Nf8 28. Nh6+ Kh8 29.
Nxf7+ Kg8 30. Ng5+ Kh8 31. Nf7+ Kg8 32. Qc7 Ne6 33.
Nd8 Bc8 34. Nxe6 Bxe6 35. Qxc6 Bxa2 36. Qxa8+ Kf7 37. Qa7+ Kg6 38. Qc7 h6 39. Rd6 Be6 40.
Qc6 Kf7 41. Qc7+ Kg6 42. Qc5 Qxb2 43. Rxe6+ Kh7 44. Qf5+ Kg8 45. Qg6 1-0

[Event "*** Titled Tuesday Blitz"]
[Site "Chess.com"]
[Date "2021.03.09"]
[Round "4"]
[White "GMJustin"]
[Black "freshfoodcompany"]
[Result "1/2-1/2"]
[WhiteElo "2266"]
[BlackElo "2442"]
[TimeControl "180+1"]
[EndTime "10:42:16 PST"]
[Termination "Game drawn by repetition"]

1. d4 d5 2. c4 c6 3. Nc3 Nf6 4. e3 e6 5. Nf3 Nbd7 6. Qc2 Bd6 7. Bd3 O-O 8. O-O dxc4 9. Bxc4 b5 10. Be2 Bb7 11.
Rd1 Qc7 12. e4 e5 13. dxe5 Nxe5 14. Nxe5 Bxe5 15. g3 Rad8 16. Be3 a5 17. Bc5 Rxd1+ 18. Rxd1 Rd8 19. Rxd8+ Qxd8 20. Qd3 Qe8 21. f3 Nd7 22. Bd6 b4 23. Na4 h6 24. Bxe5 Nxe5 25. Qd4 f5 26. Nc5 Bc8 27. f4 Nd7 28. Ne6 Nf6 29.
exf5 Bxe6 30. fxe6 Qxe6 31. Bc4 Nd5 32. Kf2 Kh7 33. Bxd5 cxd5 34. Qd3+ Kh8 35. f5 Qb6+ 36. Kf3 Qc6 37. Kf4 Qc1+ 38. Ke5 Qxb2+ 39. Kxd5 Qxa2+ 40. Kc5 b3 41. Qd8+ Kh7 42. Qd5 Qc2+ 43. Kd6 b2 44. Qe6 Qd3+ 45. Ke7 Qa3+ 46. Kd7 Qd3+ 47. Ke7 Qa3+ 48.
Kd7 Qd3+ 49. Ke7 1/2-1/2

[Event "*** Titled Tuesday Blitz"]
[Site "Chess.com"]
[Date "2021.03.09"]
[Round "4"]
[White "Dedic8"]
[Black "AliKa2810"]
[Result "0-1"]
[WhiteElo "2798"]
[BlackElo "2552"]
[TimeControl "180+1"]
[EndTime "10:42:17 PST"]
[Termination "AliKa2810 won on time"]

1. e4 c6 2. d4 d5 3. Nc3 dxe4 4.
Nxe4 Nd7 5. Ng5 Ngf6 6. N1f3 h6 7.
Nh3 e6 8. Bd3 Bd6 9. Nf4 Qc7 10.
g3 b6 11. Qe2 Bb7 12. Bd2 O-O-O 13. O-O-O g5 14. Ng2 c5 15. Ba6 Bxa6 16. Qxa6+ Qb7 17. Qxb7+ Kxb7 18. Be3 Nd5 19. c4 Nxe3 20. Nxe3 cxd4 21. Nxd4 Ne5 22. Nb3 Be7 23. Kc2 Nf3 24. h3 f5 25.
Rd3 Bb4 26. Rdd1 Kc7 27. a3 Be7 28. Rxd8 Rxd8 29. Rd1 Rxd1 30. Kxd1 Bf6 31. Ke2 Ng1+ 32.
Kf1 Nxh3 33. Nd1 g4 34. Nc1 Ng5 35. Nd3 Ne4 36. Ke2 Kd6 37. b4 Nc3+ 38. Nxc3 Bxc3 39. Ke3 e5 40. Ke2 Bd4 41. a4 a5 42. bxa5 bxa5 43.
Ke1 h5 44. Ke2 Bc3 45. Kd1 f4 46.
gxf4 e4 47. Ne1 h4 0-1

[Event "*** Titled Tuesday Blitz"]
[Site "Chess.com"]
[Date "2021.03.09"]
[Round "4"]
[White "CarrotsandPizza"]
[Black "davidkalashian"]
[Result "1/2-1/2"]
[WhiteElo "2409"]
[BlackElo "2601"]
[TimeControl "180+1"]
[EndTime "10:42:17 PST"]
[Termination "Game drawn by repetition"]

1. e4 c6 2. d4 g6 3. Nc3 Bg7 4. f4 d5 5. e5 h5 6. Nf3 Nh6 7. Be3 Bg4 8. h3 Nf5 9. Bf2 Bxf3 10. Qxf3 h4 11. Bd3 e6 12. Ne2 Nd7 13. O-O Bf8 14. b3 Be7 15. c4 Kf8 16. Rfc1 Kg7 17.
Kh2 Rc8 18. Nc3 a6 19. c5 Qg8 20. b4 Qh7 21. a4 Qh6 22. b5 axb5 23. axb5 Ra8 24.
Rcb1 Rhb8 25. bxc6 bxc6 26. Rxa8 Rxa8 27. Rb7 Rd8 28.
Rc7 g5 29. Bxf5 exf5 30. fxg5 Bxg5 31. Qxf5 Be3 32. Rxd7 Rxd7 33. Bxe3 Qxe3 34. Qxd7 Qf4+ 35. Kh1 Qc1+ 36. Kh2 Qf4+ 37. Kg1 Qxd4+ 38. Kf1 Qxc3 39. Qg4+ Kf8 40. Qxh4 Qxe5 41. Qh6+ Kg8 42. Qxc6 Qf4+ 43. Ke2 Qe4+ 44. Kd1 Qd3+ 45. Kc1 Qc3+ 46. Kb1 Qb3+ 47. Kc1 Qc3+ 48. Kd1 Qd3+ 49. Ke1 Qe3+ 50. Kf1 Qf4+ 51.
Ke2 Qe4+ 52. Kf2 Qf4+ 53. Ke1 Qe3+ 54. Kf1 Qf4+ 1/2-1/2

[Event "*** Titled Tuesday Blitz"]
[Site "Chess.com"]
[Date "2021.03.09"]
[Round "4"]
[White "Vesper2018"]
[Black "Smile2005"]
[Result "0-1"]
[WhiteElo "2585"]
[BlackElo "2401"]
[TimeControl "180+1"]
[EndTime "10:42:17 PST"]
[Termination "Smile2005 won on time"]

1. e4 d5 2. exd5 Nf6 3. d4 Nxd5 4. c4 Nb6 5. Nc3 e5 6. dxe5 Qxd1+ 7. Nxd1 Nc6 8. Nf3 Be6 9. Ne3 O-O-O 10. Bd2 Bc5 11.
O-O-O Bxe3 12. Bxe3 Rxd1+ 13. Kxd1 Rd8+ 14. Kc1 Nxc4 15. Bxc4 Bxc4 16. b3 Bd5 17. Bg5 Re8 18. Bf4 Bxf3 19.
gxf3 Nxe5 20. Kc2 Nxf3 21. Kc3 f6 22. Rd1 Rd8 23. Rc1 g5 24. Be3 b6 25. a4 h5 26.
a5 Kb7 27. axb6 axb6 28. h3 f5 29. Rf1 f4 30. Bc1 c5 31. b4 Kc6 32. bxc5 bxc5 33.
Ba3 Ra8 34. Kb2 Rb8+ 35. Kc3 Rb3+ 36. Kxb3 Nd2+ 37. Kc3 Nxf1 38. Kd3 g4 39. hxg4 hxg4 40. Ke2 Nh2 41. Bc1 Kd5 42. Bxf4 Nf3 43. Kd3 Ne5+ 44. Kc3 Ng6 45. Be3 Ne5 46. Bf4 Nc6 47. Be3 Nd4 48.
Kd3 Nf5 49. Kc3 g3 0-1

[Event "*** Titled Tuesday Blitz"]
[Site "Chess.com"]
[Date "2021.03.09"]
[Round "4"]
[White "Jan1401"]
[Black "13MiRacLe"]
[Result "0-1"]
[WhiteElo "2417"]
[BlackElo "2689"]
[TimeControl "180+1"]
[EndTime "10:42:17 PST"]
[Termination "13MiRacLe won by resignation"]

1. e4 e5 2. f4 exf4 3. Bc4 Nf6 4. Nc3 c6 5. d4 Bb4 6. Ne2 Nxe4 7. O-O d5 8. Nxe4 dxc4 9. Bxf4 O-O 10. c3 Be7 11.
N2g3 Qd5 12. Qd2 Na6 13. Rae1 Be6 14. Ng5 Bxg5 15. Bxg5 f6 16. Bf4 Rae8 17. Ne4 Rd8 18. Qf2 b6 19. Qg3 Kh8 20. Re2 Bf5 21. Rfe1 c5 22. Nd6 Bd3 23. Re7 Bg6 24. h4 cxd4 25. cxd4 Qxd4+ 26. Kh2 Qd5 27. Qg4 Nc5 28. h5 Qxh5+ 29. Qxh5 Bxh5 30. Nf5 Nd3 31. Nxg7 Nxf4 32. Nf5 Rde8 33. Rxe8 Rxe8 34. Rf1 Nd3 35. Nd6 Re6 36. Nxc4 Bg6 37. b3 Nc5 38. Rd1 Kg7 39. Rd8 Re7 40. Nd6 Rd7 41. Ne8+ Bxe8 42. Rxe8 Nd3 43. Re2 Nb4 44. Kg3 a5 45. Kf2 Rc7 46. Rd2 Rc2 47.
Ke3 Rxd2 48. Kxd2 Nxa2 0-1

[Event "*** Titled Tuesday Blitz"]
[Site "Chess.com"]
[Date "2021.03.09"]
[Round "4"]
[White "HouseOfDurin"]
[Black "Pogosian_Manvel"]
[Result "0-1"]
[WhiteElo "2144"]
[BlackElo "2409"]
[TimeControl "180+1"]
[EndTime "10:42:17 PST"]
[Termination "Pogosian_Manvel won by resignation"]

1. d4 Nf6 2. Bg5 Ne4 3. h4 d5 4. Nd2 Nxd2 5. Qxd2 h6 6. Bf4 Bf5 7. e3 e6 8. Bd3 Bxd3 9. Qxd3 c5 10. dxc5 Nc6 11. Qb5 Qd7 12. b4 a6 13. Qa4 Be7 14.
c3 Bf6 15. Ne2 O-O 16. Bd6 Rfc8 17. Nd4 e5 18. Nxc6 Rxc6 19. Qb3 d4 20. c4 d3 21. O-O-O e4 22. f3 b5 23. fxe4 bxc4 24. Qxc4 Qxd6 25. Rxd3 Qe5 26. Kd2 Rb8 27. a3 Qg3 28. Re1 Qxg2+ 29.
Re2 Qh1 30. Qd5 Re6 31. e5 Qxd5 32. Rxd5 Rxe5 33. Rxe5 Bxe5 34. h5 g6 35. hxg6 fxg6 36. Rg2 Kg7 37. Kd3 h5 38. Kc4 h4 39. a4 h3 40. Rg1 h2 41. Rh1 g5 42. b5 axb5+ 43.
axb5 g4 44. Kd5 Kf6 45. Rf1+ Kg5 46. Kxe5 Rxb5 47. Kd6 g3 48. c6 g2 49. Rc1 g1=Q 50. Rc5+ Rxc5 51. Kxc5 Qxe3+ 52. Kd6 h1=Q 53. c7 Qb6+ 54.
Kd7 Qh7+ 55. Ke8 Qbxc7 0-1

[Event "*** Titled Tuesday Blitz"]
[Site "Chess.com"]
[Date "2021.03.09"]
[Round "4"]
[White "floplover"]
[Black "BashirliSaadat"]
[Result "0-1"]
[WhiteElo "2307"]
[BlackElo "2186"]
[TimeControl "180+1"]
[EndTime "10:42:18 PST"]
[Termination "BashirliSaadat won by resignation"]

1. d4 d5 2. Nf3 e6 3. Bf4 c5 4.
e3 Nf6 5. c3 Nc6 6. Nbd2 c4 7.
h3 a6 8. Be2 b5 9. O-O Bd6 10.
Bxd6 Qxd6 11. a4 Bb7 12. Re1 O-O 13. Bf1 b4 14. Qc2 b3 15. Qb1 e5 16. dxe5 Nxe5 17.
Nxe5 Qxe5 18. Nf3 Qe4 19. Qxe4 Nxe4 20. Red1 Rfd8 21. Nd4 a5 22. Be2 Nc5 23. Rd2 Ne6 24. Nb5 Rac8 25. Bf3 Nc5 26. g3 Nd3 27. Rad1 h6 28.
h4 Kf8 29. Kf1 Ke7 30. Rxd3 cxd3 31. Rxd3 Ba6 32. Bxd5 Rc5 33. c4 Bxb5 34. axb5 a4 35. Ke2 Rb8 36. Kd2 Rbc8 37. Rd4 R8c7 38. b6 Rc8 39. Kc3 Rb8 40. b7 Ra5 41. Kb4 a3 42.
bxa3 b2 43. Rd1 Rxd5 44. cxd5 Rxb7+ 45. Kc5 b1=Q 46. d6+ Kd7 47. Rxb1 Rxb1 48. a4 Ra1 0-1

[Event "*** Titled Tuesday Blitz"]
[Site "Chess.com"]
[Date "2021.03.09"]
[Round "4"]
[White "TeukkaSalama"]
[Black "Volodar_Murzin"]
[Result "0-1"]
[WhiteElo "2368"]
[BlackElo "2654"]
[TimeControl "180+1"]
[EndTime "10:42:21 PST"]
[Termination "Volodar_Murzin won by checkmate"]

1. d4 Nf6 2. Nf3 g6 3. Bg5 Bg7 4. Nbd2 O-O 5. c3 d5 6. e3 c5 7. Be2 Nc6 8. O-O b6 9. h3 Bb7 10. a4 Qc8 11. Re1 Ba6 12. Bxa6 Qxa6 13. Qb3 Na5 14. Qa2 e6 15. b4 Nc4 16. b5 Qa5 17. Nxc4 dxc4 18. Qxc4 Ne4 19. Rec1 Rfc8 20. Qd3 Nxg5 21.
Nxg5 cxd4 22. cxd4 Rxc1+ 23. Rxc1 Qxa4 24. Rc7 Rf8 25.
Qc4 Qa5 26. d5 Qa1+ 27. Qc1 Qxc1+ 28. Rxc1 exd5 29. Rc7 d4 30. exd4 Bxd4 31. Rxa7 h6 32. Nf3 Bc5 33. Ne5 Bd4 34. Nd7 Re8 35. Rb7 Re1+ 36.
Kh2 Bxf2 37. Nxb6 h5 38. Nd7 h4 39. g4 hxg3+ 40. Kg2 Re2 41. Nf6+ Kg7 42. Ng4 Rb2 43. Rd7 Be1+ 44. Kf3 g2 45. Ne5 g1=Q 46. Rxf7+ Kg8 47. Rf4 Qh1+ 48. Kg4 Qg2# 0-1

[Event "*** Titled Tuesday Blitz"]
[Site "Chess.com"]
[Date "2021.03.09"]
[Round "4"]
[White "PetrolulSah"]
[Black "TheCavemanChesss"]
[Result "0-1"]
[WhiteElo "2199"]
[BlackElo "2568"]
[TimeControl "180+1"]
[EndTime "10:42:23 PST"]
[Termination "TheCavemanChesss won on time"]

1. d4 Nf6 2. c4 e6 3. g3 d5 4. Bg2 Be7 5. Nf3 O-O 6. O-O dxc4 7. Qc2 a6 8. a4 Bd7 9. Ne5 Nc6 10. Qxc4 Nxe5 11.
dxe5 Nd5 12. Bxd5 exd5 13. Qxd5 Qc8 14. Nc3 Bc6 15. Qd3 Qh3 16. Nd5 Rad8 17. e4 Bc5 18. Bg5 Rd7 19. Qf3 Qe6 20. Rad1 Qxe5 21. Nf6+ gxf6 22.
Bxf6 Qe6 23. Qf4 Rc8 24. Qh6 Qg4 25. Rc1 Qg6 26. Qxg6+ fxg6 27. Rxc5 Bxe4 28. Re5 Bc6 29. h4 Bxa4 30. h5 Kf7 31. Bg5 Bc6 32. Bf4 Re8 33. Rxe8 Kxe8 34. hxg6 hxg6 35. f3 Re7 36. Rf2 Kd7 37. Kg2 Kc8 38. Rd2 Rd7 39. Re2 Rd3 40. Rf2 Rb3 41. g4 Bd5 42. Kg3 c5 43. g5 Kd7 44.
Kg4 Kc6 45. Be5 Be6+ 46. Kg3 Bf5 47. Bc3 b5 48. Re2 b4 49. Bf6 Rd3 50. Re7 Kb5 51.
Rb7+ Kc6 52. Ra7 Kb6 53. Ra8 Be4 0-1

[Event "*** Titled Tuesday Blitz"]
[Site "Chess.com"]
[Date "2021.03.09"]
[Round "4"]
[White "chesslh19"]
[Black "anasta10"]
[Result "0-1"]
[WhiteElo "2283"]
[BlackElo "2469"]
[TimeControl "180+1"]
[EndTime "10:42:23 PST"]
[Termination "anasta10 won by resignation"]

1. e4 e6 2. d4 d5 3. exd5 exd5 4. Bd3 Nc6 5. c3 Bd6 6. Qf3 Nge7 7. Ne2 Be6 8. Bf4 Qd7 9. Bxd6 Qxd6 10. Qg3 Qxg3 11.
hxg3 Bf5 12. Bxf5 Nxf5 13. Nd2 Kd7 14. O-O-O Rae8 15. Rde1 h6 16. Nf4 Kd6 17. Nf3 Rxe1+ 18. Rxe1 f6 19. Nd3 b6 20. Kd2 Na5 21. b3 c6 22. Nf4 Kd7 23. Ng6 Re8 24. Rxe8 Kxe8 25. Kd3 Nb7 26. Nd2 Nbd6 27. c4 dxc4+ 28. bxc4 Kf7 29.
Nf4 g5 30. Ne2 h5 31. Nc3 Ke6 32. Nde4 Nxe4 33. Kxe4 Nd6+ 34. Kd3 Kf5 35. d5 c5 36. f3 Ke5 37. Ne2 h4 38. gxh4 gxh4 39. Ke3 Nxc4+ 40. Kd3 Nd6 41. Nc3 b5 42. Ke3 b4 43. f4+ Kf5 44. Ne2 a5 45. g3 h3 46. Kf3 Nc4 47. g4+ Kg6 48. Kg3 Ne3 49. Kxh3 Nxd5 50. Kg3 Nc3 51. f5+ Kf7 52. Kf4 Nxe2+ 0-1

[Event "*** Titled Tuesday Blitz"]
[Site "Chess.com"]
[Date "2021.03.09"]
[Round "4"]
[White "Barbus89"]
[Black "AlejandroPacheco29"]
[Result "0-1"]
[WhiteElo "2268"]
[BlackElo "2507"]
[TimeControl "180+1"]
[EndTime "10:42:23 PST"]
[Termination "AlejandroPacheco29 won on time"]

1. Nf3 Nf6 2. g3 d5 3. Bg2 e6 4.
O-O Be7 5. d4 O-O 6. c4 dxc4 7.
Ne5 Nc6 8. Nxc6 bxc6 9. Bxc6 Rb8 10. Nc3 Ba6 11. Bg2 c5 12. dxc5 Bxc5 13. Qc2 Qa5 14.
Bd2 Qc7 15. Bf4 e5 16. Bg5 Qd6 17. Bxf6 Qxf6 18. Nd5 Qe6 19. b3 Rfc8 20. bxc4 Bxc4 21. Qe4 Bd4 22. Rac1 f5 23. Qxf5 Bxd5 24. Rxc8+ Rxc8 25. Bxd5 Qxd5 26. Qxc8+ Kf7 27. Rc1 Bb6 28. Qf5+ Ke7 29. Rc8 g6 30. Qf8+ Kd7 31. Qe8+ Kd6 32. Qf8+ Kd7 33. Re8 Qd1+ 34. Kg2 Qd5+ 35. f3 Qd4 36. Qe7+ Kc6 37. Qe6+ Kb5 38. Qb3+ Ka6 39. Qa3+ Kb5 40. e3 Qd2+ 41. Kh3 Qd7+ 42. g4 Qxe8 43. Qb3+ Ka6 44.
Qa3+ Kb7 45. Qb3 Qc6 46. Qf7+ Ka6 47. Kg2 e4 48. Qxh7 exf3+ 49. Kf2 Qe4 50. Qf7 Bxe3+ 51. Kg3 f2 0-1

[Event "*** Titled Tuesday Blitz"]
[Site "Chess.com"]
[Date "2021.03.09"]
[Round "4"]
[White "Chamal_Gedgafov"]
[Black "JiiHart"]
[Result "0-1"]
[WhiteElo "2261"]
[BlackElo "2069"]
[TimeControl "180+1"]
[EndTime "10:42:23 PST"]
[Termination "JiiHart won on time"]

1. d4 Nf6 2. c4 e6 3. Nc3 c5 4. d5 exd5 5. cxd5 d6 6. Nf3 g6 7.
Nd2 Bg7 8. Nc4 O-O 9. Bf4 Ne8 10.
e4 Na6 11. Be2 Nac7 12. a4 b6 13. O-O Rb8 14. Nb5 Nxb5 15. axb5 f5 16. exf5 Bxf5 17. Qd2 Rf7 18. Bf3 Qd7 19. Rfe1 Qxb5 20. Rxe8+ Rxe8 21. Nxd6 Qxb2 22. Qxb2 Bxb2 23. Rd1 Be5 24. Bxe5 Rxe5 25. Nxf7 Kxf7 26. g4 Bd7 27. h4 b5 28. Ra1 b4 29.
Rxa7 Ke7 30. Ra6 c4 31. Rb6 b3 32. Rb4 Re1+ 33. Kg2 Rc1 34. Kg3 Kd6 35. Kf4 Kc5 36.
Rb7 Bb5 37. d6 Ra1 38. Rxb5+ Kxb5 39. d7 b2 40. d8=Q b1=Q 41. Qb8+ Ka4 42. Bc6+ Ka3 43.
Qa7+ Kb2 44. Qd4+ Kc1 45. Be4 Qb2 46. Qxc4+ Kd2 0-1

[Event "*** Titled Tuesday Blitz"]
[Site "Chess.com"]
[Date "2021.03.09"]
[Round "4"]
[White "lagedema"]
[Black "Jospem"]
[Result "0-1"]
[WhiteElo "2487"]
[BlackElo "2932"]
[TimeControl "180+1"]
[EndTime "10:42:25 PST"]
[Termination "Jospem won on time"]

1. d4 Nf6 2. Bf4 e6 3. e3 b6 4.
Nf3 Bb7 5. h3 c5 6. c3 Be7 7.
Be2 O-O 8. O-O cxd4 9. exd4 d6 10. Bh2 Nbd7 11. Re1 Re8 12. a4 a6 13. Nbd2 Bf8 14.
Bc4 Qc7 15. Qb3 Bd5 16. Bxd5 Nxd5 17. c4 N5f6 18. Rac1 Qc6 19. Qa2 d5 20. Ne5 Qb7 21. Ndf3 dxc4 22. Qxc4 Rac8 23. Qe2 b5 24. axb5 axb5 25.
Rxc8 Rxc8 26. Nxf7 Re8 27. N7e5 Qd5 28. Bg3 Nb6 29.
Bh4 Na4 30. Bxf6 gxf6 31. Ng4 Bg7 32. Ne3 Qb3 33. Nf5 Bf8 34. Qe4 Qc4 35. b3 Qxb3 36. d5 Nc5 37. Qg4+ Kh8 38. Qh4 Bg7 39. Nxg7 Kxg7 40.
Qg4+ Kh8 41. Qf4 Nd7 42. Qd6 Nf8 43. Qf4 Nd7 44. dxe6 Rxe6 45. Rc1 Qd5 46. Rc8+ Kg7 47. Qg4+ Kf7 48. Qg8+ Ke7 0-1

[Event "*** Titled Tuesday Blitz"]
[Site "Chess.com"]
[Date "2021.03.09"]
[Round "4"]
[White "SHIVACalypso"]
[Black "Ekose"]
[Result "1-0"]
[WhiteElo "2374"]
[BlackElo "2525"]
[TimeControl "180+1"]
[EndTime "10:42:25 PST"]
[Termination "SHIVACalypso won on time"]

1. Nf3 Nf6 2. c4 e6 3. g3 b6 4. Bg2 Bb7 5. O-O Be7 6. Nc3 O-O 7. d4 Ne4 8. Nxe4 Bxe4 9. Be3 d6 10. Qd2 Nd7 11.
Rfd1 c6 12. Rac1 Rc8 13. Ne1 Bxg2 14. Nxg2 d5 15. Nf4 Nf6 16. cxd5 exd5 17. Nd3 Ne4 18. Qc2 Bd6 19. Bf4 Re8 20. Bxd6 Qxd6 21. Qa4 Rc7 22. Rc2 Rec8 23. Rdc1 h6 24. f3 Nxg3 25. hxg3 Qxg3+ 26. Kf1 Qh3+ 27. Ke1 Qh4+ 28. Kd1 c5 29. b3 c4 30.
bxc4 Qxd4 31. Ke1 dxc4 32. Nf2 h5 33. Rd1 Qf4 34. Rd7 Qg3 35. Kf1 h4 36. Rxc7 Qxc7 37. Qb5 c3 38. Qh5 Qf4 39. Qg4 Qc7 40. Qxh4 Qc6 41. Qd4 b5 42. Ne4 Qh6 43. Rxc3 Rxc3 44. Qxc3 Qh1+ 45. Kf2 Qh2+ 46. Ke3 a6 47. Qc8+ Kh7 48.
Qxa6 Qg1+ 49. Kd2 Qd4+ 50. Kc2 Qc4+ 51. Nc3 g6 52. Qxb5 1-0

[Event "*** Titled Tuesday Blitz"]
[Site "Chess.com"]
[Date "2021.03.09"]
[Round "4"]
[White "IsuruAlahakoon"]
[Black "lider34"]
[Result "0-1"]
[WhiteElo "2280"]
[BlackElo "2473"]
[TimeControl "180+1"]
[EndTime "10:42:25 PST"]
[Termination "lider34 won on time"]

1. Nf3 g6 2. d4 Bg7 3. Bf4 d6 4. Nc3 Nf6 5. e4 O-O 6. Qd2 c6 7. O-O-O Qa5 8. Kb1 b5 9. Nd5 Qd8 10. Nxf6+ exf6 11. h4 h5 12. Qb4 Re8 13. Bd3 d5 14. exd5 Qxd5 15. Rhe1 Be6 16. b3 Bf8 17. Qd2 Na6 18. Bh6 Bg7 19. Bxg7 Kxg7 20. Be4 Qd6 21. Qc3 Nb4 22. Ng5 Nd5 23. Nxe6+ Rxe6 24. Bxd5 Qxd5 25.
Rxe6 fxe6 26. f3 Rd8 27. g4 hxg4 28. fxg4 c5 29. h5 cxd4 30. Qd3 Qg5 31. hxg6 a6 32.
Qe4 Qxg6 33. Qxe6 Qf7 34. Qxa6 b4 35. Qb6 Qd7 36. Qxb4 Kg8 37. Qc4+ Kg7 38. a4 Qd6 39. Re1 Qg3 40. Re7+ Kh6 41. Qf7 Qg1+ 42. Ka2 d3 43. Qh7+ Kg5 44. Rg7+ Kf4 45. Qf5+ Kg3 0-1

[Event "*** Titled Tuesday Blitz"]
[Site "Chess.com"]
[Date "2021.03.09"]
[Round "4"]
[White "OMGCovid-19"]
[Black "stepakyedael"]
[Result "1-0"]
[WhiteElo "2086"]
[BlackElo "2292"]
[TimeControl "180+1"]
[EndTime "10:42:25 PST"]
[Termination "OMGCovid-19 won by checkmate"]

1. e4 c5 2. Nf3 e6 3. d4 cxd4 4.
Nxd4 a6 5. c4 Qc7 6. Nc3 Nf6 7.
Bd3 Bd6 8. h3 h6 9. O-O g5 10.
Be2 Be5 11. Be3 b6 12. Qd2 Bb7 13. f3 Nh5 14. Rfd1 Bh2+ 15. Kf1 Bf4 16. Kg1 Bh2+ 17.
Kf1 Ng3+ 18. Kf2 f5 19. exf5 Nxf5 20. Nxf5 exf5 21. Kf1 Nc6 22. Nd5 Qe5 23. Bxb6 Kf7 24. Bc7 Qe6 25. Bxh2 Rac8 26. Bd3 Kg7 27. Re1 Qf7 28. Bg1 Rhe8 29. Rxe8 Rxe8 30. Re1 Rxe1+ 31. Qxe1 a5 32. Qc3+ Kg6 33. g4 Ne7 34. gxf5+ Nxf5 35. Qc2 Bxd5 36. Bxf5+ Qxf5 37. Qxf5+ Kxf5 38. cxd5 Ke5 39. Bb6 a4 40. Ba5 Kxd5 41. b3 axb3 42. axb3 Kc5 43. b4+ Kb5 44. Kf2 h5 45. Ke3 Kc4 46. Ke4 d5+ 47.
Ke3 d4+ 48. Kd2 d3 49. Kd1 Kd4 50. Kd2 Ke5 51. Kxd3 Kf4 52. Ke2 Kg3 53. b5 Kxh3 54. b6 g4 55. fxg4 hxg4 56. b7 g3 57. Bb6 g2 58.
b8=Q g1=Q 59. Qh8+ Kg2 60. Qg7+ Kh3 61. Qxg1 Kh4 62.
Kf3 Kh5 63. Kf4 Kh6 64. Kf5 Kh7 65. Qg6+ Kh8 66. Bd4# 1-0